 Dungeon Crawl Stone Soup version 0.21.1-1-g345015f (webtiles) character file.

42 Harpaggios the Ruffian (level 3, -1/28 HPs)
             Began as a Draconian Transmuter on Apr 5, 2018.
             Slain by Natasha (7 damage)
             ... on level 2 of the Dungeon.
             The game lasted 00:06:42 (871 turns).

Harpaggios the Ruffian (Draconian Transmuter)        Turns: 871, Time: 00:06:42

Health: -1/28      AC:  5    Str: 12    XL:     3   Next: 33%
Magic:  6/6        EV: 12    Int: 14    God:
Gold:   101        SH:  0    Dex: 11    Spells: 3/6 levels left

rFire    . . .     SeeInvis .     - Unarmed
rCold    . . .     Gourm    .   (no shield)
rNeg     . . .     Faith    .   (armour unavailable)
rPois    .         Spirit   .   (helmet restricted)
rElec    .         Reflect  .   (no cloak)
rCorr    .         Harm     .   (no gloves)
MR       .....                  (no boots)
Stlth    +.........             (no amulet)
HPRegen  0.09/turn              (no ring)
MPRegen  0.10/turn              (no ring)

@: no status effects
A: unfitting armour, cold-blooded, AC +5
a: no special abilities


You were on level 2 of the Dungeon.
You were not hungry.

You visited 1 branch of the dungeon, and saw 2 of its levels.

You collected 101 gold pieces.

Inventory:

Missiles
 a - 51 arrows
Scrolls
 g - a scroll of teleportation {unknown}
 i - a scroll of random uselessness {unknown}
 j - a scroll of identify {unknown}
Potions
 d - a potion of might {unknown}
 e - a potion of resistance {unknown}
 h - a potion of curing {unknown}
 k - a potion of heal wounds
Books
 b - a book of Changes

   Spells                             Type                      Level
   a - Beastly Appendage              Transmutation                1
   b - Sticks to Snakes               Transmutation                2
   c - Spider Form                    Transmutation/Poison         3
   d - Ice Form                       Ice/Transmutation            4
   e - Blade Hands                    Transmutation                5
Comestibles
 c - 3 rations
 f - 3 chunks of flesh


   Skills:
 + Level 1.1 Fighting
 + Level 2.2 Dodging
 + Level 3.4 Unarmed Combat
 - Level 2.0 Spellcasting
 * Level 3.0 Transmutations


You had 3 spell levels left.
You knew the following spells:

 Your Spells              Type           Power        Failure   Level  Hunger
a - Beastly Appendage     Tmut           #.....       7%          1    ##.....
b - Sticks to Snakes      Tmut           #.......     11%         2    ###....


Dungeon Overview and Level Annotations

Branches:
Dungeon (2/15)

Altars:

Annotations:
D:2 Natasha


Innate Abilities, Weirdness & Mutations

Your plain brown scales are hard. (AC +5)
You cannot fit into any form of body armour.
You are cold-blooded and may be slowed by cold attacks.


Message History

* * * LOW HITPOINT WARNING * * *
You hit Natasha but do no damage.
Natasha is moderately wounded.
Natasha barely misses you.
You hit Natasha.
Natasha is heavily wounded.
Natasha mumbles some strange words.
You barely miss Natasha.
Natasha is heavily wounded.
Natasha claws you but does no damage.
You miss Natasha.
Natasha is heavily wounded.
Natasha barely misses you.
You hit Natasha.
Natasha is severely wounded.
Natasha closely misses you.
You closely miss Natasha. You punch Natasha.
Natasha is almost dead.
Natasha claws you!
You die...

...## #... #....###..
#.#......# .#
#.##.#.^.####.#....
#.#....#...........
###....###..##.###...
....#.......#......
#h##.#####........
.#.@.........#.##...
........###.#......# .
.####...###.#.##...###
. #........<....#)..##.
#..####.#..######....
....###.......## ##...
####.......###...##....
#..#....# ##......#
.....##.### ##...###


You could see Natasha.

Vanquished Creatures
  An adder (D:2)
  An ooze (D:1)
  3 giant cockroaches
  7 goblins
  A hobgoblin (D:1)
  A ball python (D:1)
  5 bats
  A frilled lizard (D:2)
  3 kobolds (D:1)
  7 rats
30 creatures vanquished.

Vanquished Creatures (others)
  An octopode (D:1)
  A gargoyle (D:1)
  2 elves (D:1)
  A troll (D:1)
  A human (D:1)
  2 dwarves (D:1)
  An ogre (D:1)
  2 centaurs (D:1)
  An orc (D:1)
  5 tentacles (D:1)
17 creatures vanquished.

Grand Total: 47 creatures vanquished

Notes
Turn   | Place    | Note
-------+----------+-------------------------------------------
     0 | D:1      | Harpaggios the Draconian Transmuter began the quest for the Orb.
     0 | D:1      | Reached XP level 1. HP: 16/16 MP: 3/3
     0 | D:1      | Noticed a centaur
     0 | D:1      | Noticed a dwarf
     0 | D:1      | Noticed an octopode
     0 | D:1      | Noticed a troll
     0 | D:1      | Noticed a centaur
     0 | D:1      | Noticed an ogre
     0 | D:1      | Noticed a kraken
     0 | D:1      | Noticed a gargoyle
     0 | D:1      | Noticed an elf
     0 | D:1      | Noticed a human
     0 | D:1      | Noticed an elf
     0 | D:1      | Noticed a dwarf
     3 | D:1      | Killed an ogre
     3 | D:1      | Killed a centaur
     4 | D:1      | Killed a centaur
     6 | D:1      | Killed a dwarf
     9 | D:1      | Killed a gargoyle
     9 | D:1      | Killed an octopode
     9 | D:1      | Killed a human
    10 | D:1      | Killed a troll
    10 | D:1      | Killed a dwarf
    13 | D:1      | Killed an elf
    14 | D:1      | Killed an elf
   136 | D:1      | You fall through a shaft!
   148 | D:2      | Reached XP level 2. HP: 21/23 MP: 3/5
   308 | D:1      | Learned a level 2 spell: Sticks to Snakes
   328 | D:1      | Reached XP level 3. HP: 28/28 MP: 6/6
   850 | D:2      | Noticed Natasha
   871 | D:2      | Slain by Natasha

Skill      XL: |  1  2  3 |
---------------+----------+-----
Dodging        | 2 |  2.2
Transmutations | 3 |  3.0
Fighting       | |  1.1
Unarmed Combat | |  3.4
Spellcasting   | |  2.0

Action                   || total
-------------------------++-------
Melee: Unarmed           ||   131
       Tailslap          ||    11
       Punch             ||     3
       Headbutt          ||     1
 Cast: Beastly Appendage ||     3
 Stab: Sleeping          ||     1
Armor: Skin              ||    50
Dodge: Dodged            ||   119
